 Dungeon Crawl Stone Soup version 0.20.0-15-g7f486f2 (webtiles) character file.

10512 InterDimensionalOwl the Basher (level 11, -13/100 HPs)
             Began as a Minotaur Berserker on June 14, 2017.
             Was an Elder of Trog.
             Mangled by a death knight
             ... wielding a +4 great mace
              (27 damage)
             ... on level 10 of the Dungeon on June 17, 2017.
             The game lasted 01:21:08 (9431 turns).

InterDimensionalOwl the Basher (Minotaur Berserker) Turns: 9431, Time: 01:21:17

Health: -13/100    AC: 28    Str: 29    XL:     11   Next: 37%
Magic:  10/10      EV:  9    Int:  4    God:    Trog [****..]
Gold:   457        SH:  0    Dex: 11    Spells: 10/10 levels left

rFire    . . .     SeeInvis +   y - +3 mace (protect)
rCold    . . .     Gourm    +   (no shield)
rNeg     . . .     Faith    .   x - +0 crystal plate armour
rPois    .         Spirit   .   m - +0 hat
rElec    .         Reflect  .   H - +0 cloak
rCorr    .         Harm     .   (no gloves)
MR       +....                  (no boots)
Stlth    ..........             E - amulet of the gourmand
Regen    1.3/turn               c - +5 ring of strength
MPRegen  0.2/turn               z - ring of see invisible

@: vulnerable, protection aura, berserk cooldown, regenerating, slowed, very
slow
A: retaliatory headbutt, horns 2
a: Berserk, Trog's Hand, Brothers in Arms, Burn Spellbooks, Renounce Religion


You were on level 10 of the Dungeon.
You worshipped Trog.
Trog was greatly pleased with you.
You were not hungry.

You visited 1 branch of the dungeon, and saw 10 of its levels.
You also visited: Ossuary.

You collected 618 gold pieces.
You spent 161 gold pieces at shops.

Inventory:

Hand Weapons
 i - a +0 dagger
 y - a +3 mace of protection (weapon)
Missiles
 f - 17 tomahawks (quivered)
Armour
 m - a +0 hat (worn)
 x - a +0 crystal plate armour (worn)
 H - a +0 cloak (worn)
 J - a +1 scale mail of fire resistance
Jewellery
 c - a +5 ring of strength (left hand)
 h - an uncursed ring of resist corrosion
 v - an uncursed ring of poison resistance
 z - a ring of see invisible (right hand)
 E - an amulet of the gourmand (around neck)
Wands
 o - a wand of paralysis (23/24)
 t - a wand of iceblast (4/15)
 M - a wand of acid (6/15)
 O - a wand of polymorph (10/24)
Scrolls
 a - a scroll of recharging
 n - 6 scrolls of remove curse
 s - 3 scrolls of teleportation
 D - 2 scrolls of blinking
 L - a scroll of fog
Potions
 d - a potion of flight {unknown}
 e - 2 potions of heal wounds {unknown}
 g - 2 potions of resistance {unknown}
 j - 2 potions of haste {unknown}
 k - a potion of ambrosia {unknown}
 p - 2 potions of lignification {unknown}
 q - 2 potions of degeneration {unknown}
 u - 2 potions of curing
 A - a potion of cancellation {unknown}
 B - 3 potions of brilliance {unknown}
 C - a potion of invisibility {unknown}
Comestibles
 l - a royal jelly
 r - 3 fruits
 K - 2 bread rations


   Skills:
 - Level 10.2 Fighting
 + Level 13.5 Maces & Flails
 + Level 10.1 Armour
 - Level 9.1 Dodging


You had 10 spell levels left.
You didn't know any spells.

Dungeon Overview and Level Annotations

Branches:
Dungeon (10/15)            Temple (0/1) D:5            Lair (0/6) D:10
    Orc: D:9-12

Altars:
Cheibriados
Dithmenos
Uskayaw
Xom
Yredelemnul
Zin
The Shining One
Beogh

Shops:
D:6 [

Annotations:
D:5 Sigmund


Innate Abilities, Weirdness & Mutations

You reflexively headbutt those who attack you in melee.
You have a pair of horns on your head.


Message History

Trog accepts your kill.
Your two-headed ogre barely misses the orc priest.
Your two-headed ogre hits the orc priest with a dire flail!!
The orc priest dies!
Trog accepts your kill.
The death knight offers itself to Yredelemnul, and fills with unholy energy.
Your two-headed ogre barely misses the crimson imp. x2
The crimson imp closely misses your two-headed ogre.
Evoke which item? (* to show all) (? for menu, Esc to quit)
Aiming: Paralyse
Press: ? - help, Shift-Dir - straight line, f - death knight
Aim: a death knight, wielding an enchanted great mace and wearing a chain mail (severely wounded, reflecting injuries, chance to defeat MR: 6%)
The death knight resists with almost no effort.
This wand has 23 charges left.
Your two-headed ogre barely misses the crimson imp.
Your two-headed ogre hits the crimson imp with a dire flail!
The crimson imp dies!
Trog accepts your kill.
The death knight hits you with an enchanted great mace!!
You die...

##........##########.#######.##
........^.................>....
########.#########.########..###
#.# #.# ##.# #.# #.# #.# #†# #.#
#.# #.# #.# #.#
#########.#########.#########.#
................@p$.O))......[.
#######.#####.#######(.†.....
#.# #.O[..... #.# #........ #<#
#........ #.# #........ #.#
#........ #.# #........ ...


You could see a death knight and a friendly two-headed ogre (berserk).

Vanquished Creatures
  Gastronok (D:9)
  A two-headed ogre (D:8)
  An unseen horror (D:10)
  An ugly thing (D:8)
  Joseph (D:7)
  A troll (D:9)
  A hornet (D:8)
  2 hippogriffs
  A vampire (D:9)
  A steam dragon (D:9)
  4 hungry ghosts
  Duvessa (D:5)
  2 orc warriors
  3 sky beasts
  4 ogres
  3 necrophages
  5 centaurs
  9 bullfrogs
  2 scorpions
  Dowan (D:5)
  A water moccasin skeleton (D:7)
  6 killer bees (D:9)
  8 wights (D:6)
  6 crimson imps
  A centaur zombie (Ossuary)
  5 bullfrog zombies
  6 hounds
  6 orc priests
  Crazy Yiuf (D:5)
  3 bullfrog skeletons
  6 orc wizards
  2 centaur skeletons (D:9)
  2 iguanas
  Ijyb (D:3)
  Terence (D:3)
  Natasha (thrice) (D:3)
  2 killer bee zombies
  5 worker ants
  3 big kobold zombies (Ossuary)
  6 mummies
  Robin (D:3)
  2 gnolls (D:6)
  9 adders
  A shadow imp (D:7)
  2 oozes
  5 worms
  2 dart slugs
  4 leopard geckos
  48 orcs
  3 ball pythons
  14 giant cockroaches
  12 goblins
  7 hobgoblins
  6 jackals
  6 kobolds
  5 quokkas
  5 bats
  4 frilled lizards
  A hobgoblin zombie (Ossuary)
  A jackal skeleton (D:6)
  7 rats
264 creatures vanquished.

Vanquished Creatures (collateral kills)
  2 phantasmal warriors (D:10)
  A freezing wraith (D:10)
  A hippogriff (D:10)
  A crimson imp (D:10)
  A jelly (D:10)
  An orc priest (D:10)
  A worker ant (D:10)
  4 orcs (D:10)
12 creatures vanquished.

Vanquished Creatures (others)
  A gnoll (D:6)
1 creature vanquished.

Grand Total: 277 creatures vanquished

Notes
Turn   | Place    | Note
-------+----------+-------------------------------------------
     0 | D:1      | InterDimensionalOwl the Minotaur Berserker began the quest for the Orb.
     0 | D:1      | Reached XP level 1. HP: 19/19 MP: 0/0
   202 | D:1      | Reached XP level 2. HP: 27/27 MP: 1/1
   633 | D:2      | Reached skill level 4 in Maces & Flails
   712 | D:2      | Reached XP level 3. HP: 31/33 MP: 2/2
   898 | D:2      | Found a shadowy altar of Dithmenos.
  1129 | D:2      | Reached ** piety under Trog
  1139 | D:2      | Reached XP level 4. HP: 28/41 MP: 3/3
  1456 | D:2      | Found a glowing silver altar of Zin.
  1620 | D:3      | Found a hide-covered altar of Uskayaw.
  1655 | D:3      | Noticed a hand axe
  1656 | D:3      | Noticed a dagger
  1773 | D:3      | Noticed Natasha
  1779 | D:3      | Killed Natasha
  1779 | D:3      | Reached skill level 5 in Fighting
  1779 | D:3      | Reached XP level 5. HP: 37/48 MP: 4/4
  1798 | D:3      | Noticed Natasha
  1798 | D:3      | Found a shimmering altar of Xom.
  1804 | D:3      | Killed Natasha
  1804 | D:3      | Reached skill level 5 in Maces & Flails
  1826 | D:3      | Noticed Natasha
  1883 | D:3      | Killed Natasha
  1935 | D:3      | Noticed Ijyb
  1956 | D:3      | Killed Ijyb
  1985 | D:3      | Noticed Robin
  2121 | D:3      | Reached *** piety under Trog
  2124 | D:3      | Killed Robin
  2196 | D:3      | Noticed Terence
  2202 | D:3      | Killed Terence
  2202 | D:3      | Reached XP level 6. HP: 56/56 MP: 5/5
  2418 | D:3      | Found a faded altar of an unknown god.
  2564 | D:5      | Entered Level 5 of the Dungeon
  2603 | D:4      | Reached skill level 5 in Dodging
  2777 | D:4      | Reached skill level 6 in Maces & Flails
  2927 | D:4      | Found a shimmering altar of Xom.
  2930 | D:4      | Found a glowing golden altar of the Shining One.
  2930 | D:4      | Found a basalt altar of Yredelemnul.
  2932 | D:4      | Found a shadowy altar of Dithmenos.
  2932 | D:4      | Found a glowing golden altar of the Shining One.
  2932 | D:4      | Found a glowing silver altar of Zin.
  2998 | D:5      | Reached XP level 7. HP: 63/63 MP: 6/6
  3009 | D:5      | Noticed Duvessa
  3010 | D:5      | Noticed Dowan
  3016 | D:5      | Killed Dowan
  3070 | D:5      | Found a sand-covered staircase.
  3101 | Ossuary  | Entered an ossuary
  3382 | D:5      | Found a staircase to the Ecumenical Temple.
  3807 | D:5      | Killed Duvessa
  3807 | D:5      | Reached skill level 7 in Maces & Flails
  3819 | D:5      | Reached XP level 8. HP: 29/73 MP: 7/7
  4161 | D:5      | Found a runed door.
  4165 | D:5      | Noticed Crazy Yiuf
  4252 | D:5      | Killed Crazy Yiuf
  4322 | D:5      | Noticed Sigmund
  4744 | D:6      | Reached skill level 8 in Maces & Flails
  4950 | D:6      | Found a snail-covered altar of Cheibriados.
  4973 | D:6      | Reached **** piety under Trog
  5027 | D:6      | Found Voqa's Antique Armour Shop.
  5044 | D:6      | Bought a shiny scale mail for 161 gold pieces
  5156 | D:6      | Reached XP level 9. HP: 71/83 MP: 8/8
  5346 | D:6      | Reached skill level 9 in Maces & Flails
  5611 | D:7      | Noticed Joseph
  5638 | D:7      | Killed Joseph
  5638 | D:7      | Reached skill level 10 in Fighting
  5675 | D:7      | Reached skill level 10 in Maces & Flails
  6524 | D:8      | Noticed a two-headed ogre
  6537 | D:8      | Killed a two-headed ogre
  6537 | D:8      | Reached XP level 10. HP: 38/93 MP: 9/9
  6768 | D:8      | Reached skill level 11 in Maces & Flails
  6768 | D:8      | Reached skill level 5 in Armour
  6803 | D:8      | Noticed a cyan ugly thing
  6819 | D:8      | Killed a cyan ugly thing
  7814 | D:9      | Reached skill level 12 in Maces & Flails
  8283 | D:9      | Found a roughly hewn altar of Beogh.
  8326 | D:9      | Reached ***** piety under Trog
  8768 | D:9      | Noticed Gastronok
  8805 | D:9      | Killed Gastronok
  8805 | D:9      | Reached skill level 13 in Maces & Flails
  8805 | D:9      | Reached XP level 11. HP: 48/100 MP: 10/10
  9194 | D:10     | Entered Level 10 of the Dungeon
  9350 | D:10     | Noticed an unseen horror
  9369 | D:10     | Killed an unseen horror
  9380 | D:10     | Found a staircase to the Lair.
  9407 | D:10     | Noticed a death knight
  9407 | D:10     | Noticed a phantasmal warrior
  9407 | D:10     | Noticed a phantasmal warrior
  9410 | D:10     | Killed a phantasmal warrior
  9416 | D:10     | Killed a phantasmal warrior
  9419 | D:10     | HP: 2/150 [freezing wraith[a death knight] (22)]
  9421 | D:10     | Reached skill level 10 in Armour
  9425 | D:10     | HP: 5/100 [death knight/enchanted great mace (8)]
  9431 | D:10     | Mangled by a death knight

Skill      XL: |  1  2  3  4  5  6  7  8  9 10 11 |
---------------+----------------------------------+-----
Fighting       | 4 5 6 7 9 10 | 10.2
Maces & Flails | 4 5 6 7 8 10 13 | 13.5
Dodging        | 3 4 5 6 7 9 |  9.1
Armour         | 4 9 10 | 10.1

Action                   |  1- 3 |  4- 6 |  7- 9 | 10-12 || total
-------------------------+-------+-------+-------+-------++-------
Melee: Mace              |    79 |    38 |   139 |   285 ||   541
       Headbutt          |     7 |    21 |    59 |    67 ||   154
       Flail             |       |    81 |   169 |       ||   250
Throw: Tomahawk          |       |       |    17 |     7 ||    24
Invok: Berserk           |       |     3 |     4 |     2 ||     9
       Trog's Hand       |       |     2 |     4 |     2 ||     8
       Burn Spellbooks   |       |       |     1 |       ||     1
       Brothers in Arms  |       |       |       |     3 ||     3
Evoke: Wand              |       |       |       |     2 ||     2
  Use: Scroll            |     1 |    10 |    10 |     4 ||    25
       Potion            |       |       |       |     2 ||     2
 Stab: Sleeping          |       |     1 |       |       ||     1
       Distracted        |       |       |       |     1 ||     1
  Eat: Chunk             |     1 |       |    17 |    11 ||    29
       Bread ration      |       |     2 |       |       ||     2
       Meat ration       |       |       |     1 |     2 ||     3
       Fruit             |       |       |     9 |       ||     9
       Royal jelly       |       |       |     1 |       ||     1
Armor: Animal skin       |     4 |       |       |       ||     4
       Leather armour    |     7 |    23 |       |       ||    30
       Scale mail        |       |    18 |   102 |       ||   120
       Crystal plate arm |       |       |    31 |   179 ||   210
Dodge: Dodged            |    46 |    89 |   183 |   111 ||   429
